 Dungeon Crawl Stone Soup version 0.22.1-2-g9c5b331383 (webtiles) character file.

9517 Peloso the Carver (level 11, -4/94 HPs)
             Began as a Minotaur Fighter on Nov 23, 2018.
             Was an Elder of Okawaru.
             Slain by a white ugly thing (17 damage)
             ... in an ice cave.
             The game lasted 00:22:05 (10197 turns).

Peloso the Carver (Minotaur Fighter)               Turns: 10197, Time: 00:22:06

Health: -4/94      AC: 22    Str: 22    XL:     11   Next: 24%
Magic:  9/10       EV:  8    Int: 11    God:    Okawaru [****..]
Gold:   488        SH: 19    Dex: 14    Spells: 10/10 levels left

rFire    . . .     SeeInvis .   a - +4 double sword (protect)
rCold    . . .     Gourm    .   c - +0 shield
rNeg     . . .     Faith    .   D - +0 plate armour
rPois    .         Spirit   .   (helmet restricted)
rElec    .         Reflect  +   (no cloak)
rCorr    .         Harm     .   x - +0 pair of gloves
MR       .....                  (no boots)
Stlth    ..........             t - +6 amulet of reflection
HPRegen  0.25/turn              v - +6 ring of intelligence
MPRegen  0.12/turn              J - +2 ring of dexterity

@: protection aura
A: retaliatory headbutt, horns 2
a: Heroism, Renounce Religion


You were in an ice cave.
You worshipped Okawaru.
Okawaru was greatly pleased with you.
You were not hungry.

You visited 1 branch of the dungeon, and saw 11 of its levels.
You also visited: Ice Cave.

You collected 653 gold pieces.
You spent 165 gold pieces at shops.

Inventory:

Hand Weapons
 a - a +4 double sword of protection (weapon)
 z - a +0 whip of flaming
Armour
 b - a +0 scale mail
 c - a +0 shield (worn)
 m - a +0 chain mail
 x - a +0 pair of gloves (worn)
 D - a +0 plate armour (worn)
Jewellery
 t - a +6 amulet of reflection (around neck)
 v - a +6 ring of intelligence (left hand)
 A - a +5 amulet of reflection
 J - a +2 ring of dexterity (right hand)
Wands
 p - a wand of digging (22)
 s - a wand of scattershot (4)
 y - a wand of paralysis (14)
 H - a wand of iceblast (11)
Scrolls
 h - 6 scrolls of identify
 i - 6 scrolls of blinking
 j - 8 scrolls of remove curse
 k - a scroll of enchant armour {unknown}
 n - 2 scrolls of fog
 q - 11 scrolls of teleportation
 r - 2 scrolls of amnesia
Potions
 d - 2 potions of might
 e - 3 potions of curing
 g - 2 potions of flight {unknown}
 l - a potion of magic {unknown}
 o - 4 potions of brilliance {unknown}
 u - a potion of resistance
 w - 2 potions of haste {unknown}
 G - 2 potions of heal wounds {unknown}
 M - a potion of berserk rage
 N - a potion of degeneration {unknown}
 P - a potion of agility {unknown}
Miscellaneous
 O - a lamp of fire
Comestibles
 f - 19 rations
 Q - 6 chunks of flesh


   Skills:
 + Level 7.9 Fighting
 + Level 12.6 Long Blades
 + Level 9.4 Armour
 + Level 2.9 Dodging
 + Level 1.3 Stealth
 + Level 12.2 Shields
 + Level 0.1 Evocations


You had 10 spell levels left.
You didn't know any spells.
Your spell library contained the following spells:

 Spells                   Type           Power        Failure   Level  Hunger
 Confusing Touch          Hex            #.....       100%        1    ##.....
 Magic Dart               Conj           #...         100%        1    ##.....
 Searing Ray              Conj           #.....       100%        2    ###....
 Confuse                  Hex            #.......     100%        3    ####...
 Dazzling Spray           Conj/Hex       #.....       100%        3    ####...
 Gell's Gravitas          Tloc           #.........   100%        3    ####...
 Force Lance              Conj/Tloc      #.......     100%        4    #####..
 Fulminant Prism          Conj/Hex       #.........   100%        4    #####..
 Iskenderun's Mystic Bla  Conj           #.......     100%        4    #####..
 Petrify                  Tmut/Erth      #.......     100%        4    #####..
 Metabolic Englaciation   Hex/Ice        #.........   100%        5    ######.
 Yara's Violent Unravell  Hex/Tmut       #.........   100%        5    ######.
 Poison Arrow             Conj/Pois      #.........   100%        6    #######
 Chain Lightning          Conj/Air       #.........   100%        8    #######
 Lehudib's Crystal Spear  Conj/Erth      #.........   100%        8    #######
 Fire Storm               Conj/Fire      #.........   100%        9    #######
 Glaciate                 Conj/Ice       #.........   100%        9    #######


Dungeon Overview and Level Annotations

Branches:
Dungeon (11/15)            Temple (0/1) D:7            Lair (0/6) D:10
    Orc (0/2) D:9

Altars:
Ashenzari
Dithmenos
Fedhas
Gozag
Hepliaklqana
Makhleb
Okawaru
Ru
Vehumet
Xom

Shops:
D:7 =   D:10 *

Annotations:
D:6 3 runed doors, Grangar's ghost, novice MiGl
D:8 2 transporters IceCv 1 transporter, exclusion: ice statue


Innate Abilities, Weirdness & Mutations

You reflexively headbutt those who attack you in melee.
You have a pair of horns on your head.


Message History

The ice statue is almost destroyed.
You feel like a meek peon again.
The ice statue gestures.
Unknown command.
You slash the ice statue!
You destroy the ice statue!
Okawaru is honoured by your kill.
The ice beast disappears in a puff of smoke! x2
The white ugly thing engulfs you but does no damage.
Unknown command.
The white ugly thing engulfs you.
* * * LOW HITPOINT WARNING * * *
The white ugly thing freezes you!!
* * * LOW HITPOINT WARNING * * *
You feel better. You block the ice beast's attack.
The ice beast hits you but does no damage.
The white ugly thing engulfs you.
* * * LOW HITPOINT WARNING * * *
The white ugly thing freezes you!
You die...

#######
##.....##
##...∩...##
##.........##
#.....©.....#
#.@Y........#
##.Yu§.......#
#..Y.§........#
#........8....#
#......$......#
##....$.)....##
#...8.}.8...#
##...=©$...##
###########


You could see an ice statue, a white ugly thing and 3 ice beasts.

Vanquished Creatures
  Pikel (D:5)
  An ugly thing (IceCv)
  An ice statue (IceCv)
  A rime drake (D:11)
  A merfolk (D:9)
  Grinder (D:5)
  A hippogriff (D:8)
  Sigmund (D:5)
  A wyvern (D:9)
  5 yaks (D:9)
  Menkaure (D:4)
  Edmund (D:5)
  An acid dragon (D:11)
  A water moccasin (D:6)
  2 sky beasts (D:9)
  2 slaves (D:5)
  2 black bears (D:8)
  4 orc warriors
  6 ice beasts (IceCv)
  A necrophage (D:8)
  An ogre (D:10)
  4 centaurs
  A big kobold (D:4)
  Blork the orc (D:4)
  6 bullfrogs
  A wyvern skeleton (D:10)
  6 scorpions
  9 killer bees (D:7)
  6 wights (D:8)
  5 howler monkeys
  3 electric eels (D:6)
  A bullfrog zombie (D:6)
  A centaur zombie (D:10)
  3 crimson imps
  6 jellies
  4 hounds
  8 orc priests
  A bullfrog skeleton (D:4)
  7 orc wizards
  Terence (D:2)
  7 iguanas
  3 worker ants
  Ijyb (D:3)
  A hound zombie (D:5)
  A worker ant zombie (D:9)
  7 gnolls
  A howler monkey skeleton (D:8)
  7 adders
  2 shadow imps
  An ooze (D:2)
  2 worms (D:3)
  9 dart slugs
  3 leopard geckos
  27 orcs
  2 ball pythons
  6 giant cockroaches
  9 goblins
  4 hobgoblins
  7 jackals
  A kobold (D:1)
  6 quokkas
  5 bats
  6 frilled lizards
  8 rats
236 creatures vanquished.

Vanquished Creatures (collateral kills)
  An ugly thing (D:11)
  A rime drake (D:11)
2 creatures vanquished.

Vanquished Creatures (others)
  A two-headed ogre (D:11)
  A slave (D:8)
  A centaur (D:9)
  An orc priest (D:8)
  2 orcs (D:8)
6 creatures vanquished.

Grand Total: 244 creatures vanquished

Notes
Turn   | Place    | Note
-------+----------+-------------------------------------------
     0 | D:1      | Peloso the Minotaur Fighter began the quest for the Orb.
     0 | D:1      | Reached XP level 1. HP: 19/19 MP: 0/0
    70 | D:1      | Reached XP level 2. HP: 19/27 MP: 1/1
   205 | D:1      | Reached XP level 3. HP: 33/33 MP: 2/2
   753 | D:2      | Found a sacrificial altar of Ru.
   855 | D:2      | Noticed Terence
   858 | D:2      | Killed Terence
   858 | D:2      | Reached skill level 1 in Dodging
   858 | D:2      | Reached XP level 4. HP: 31/41 MP: 3/3
  1032 | D:2      | Found a hazy altar of Hepliaklqana.
  1538 | D:3      | Noticed Ijyb
  1545 | D:3      | Killed Ijyb
  1545 | D:3      | Reached XP level 5. HP: 38/47 MP: 4/4
  2063 | D:4      | Noticed Menkaure
  2073 | D:4      | Killed Menkaure
  2073 | D:4      | Reached skill level 5 in Armour
  2073 | D:4      | Reached skill level 5 in Shields
  2073 | D:4      | Reached XP level 6. HP: 7/55 MP: 5/5
  2307 | D:4      | Noticed Blork the orc
  2319 | D:4      | Killed Blork the orc
  2319 | D:4      | Reached skill level 5 in Long Blades
  2357 | D:4      | Reached skill level 5 in Fighting
  2417 | D:4      | Reached XP level 7. HP: 56/61 MP: 6/6
  2883 | D:5      | Entered Level 5 of the Dungeon
  3003 | D:5      | Noticed Pikel
  3020 | D:5      | Killed Pikel
  3020 | D:5      | Reached XP level 8. HP: 62/70 MP: 7/7
  3176 | D:5      | Found a burning altar of Makhleb.
  3185 | D:5      | Noticed Sigmund
  3194 | D:5      | Killed Sigmund
  3332 | D:5      | Noticed Grinder
  3354 | D:5      | Killed Grinder
  3414 | D:5      | Noticed Edmund
  3428 | D:5      | Killed Edmund
  4642 | D:6      | Reached XP level 9. HP: 68/77 MP: 8/8
  4822 | D:6      | Found a radiant altar of Vehumet.
  4823 | D:6      | Found a blossoming altar of Fedhas.
  4938 | D:6      | Found a burning altar of Makhleb.
  4939 | D:6      | Found a shimmering altar of Xom.
  4939 | D:6      | Found an opulent altar of Gozag.
  4941 | D:6      | Found a shadowy altar of Dithmenos.
  4941 | D:6      | Found a shattered altar of Ashenzari.
  4942 | D:6      | Found an iron altar of Okawaru.
  5142 | D:6      | Became a worshipper of Warmaster Okawaru
  5371 | D:6      | Found a runed gate.
  5374 | D:6      | Found an opulent altar of Gozag.
  5376 | D:6      | Found a runed gate.
  5376 | D:6      | Found a runed gate.
  5376 | D:6      | Noticed Grangar's ghost (novice MiGl)
  5781 | D:7      | Reached skill level 1 in Stealth
  5888 | D:7      | Found a staircase to the Ecumenical Temple.
  5964 | D:7      | Found Ezaezxi's Jewellery Shop.
  5987 | D:7      | Reached skill level 10 in Long Blades
  6118 | D:7      | Reached * piety under Okawaru
  6854 | D:8      | Reached ** piety under Okawaru
  6854 | D:8      | Reached XP level 10. HP: 48/86 MP: 9/9
  6998 | D:8      | Reached skill level 10 in Shields
  7839 | D:8      | Noticed a tengu warrior
  7839 | D:8      | Noticed a manticore
  7840 | D:8      | Noticed a cyclops
  7841 | D:8      | Found a transporter.
  7841 | D:8      | Noticed a centaur warrior
  7860 | D:8      | Found a transporter.
  8053 | D:9      | Reached *** piety under Okawaru
  8777 | D:9      | Found an iron altar of Okawaru.
  8915 | D:9      | Found a staircase to the Orcish Mines.
  9217 | D:10     | Entered Level 10 of the Dungeon
  9257 | D:10     | Found Teeck's General Store.
  9265 | D:10     | Bought a scroll of remove curse for 45 gold pieces
  9265 | D:10     | Bought a scroll of teleportation for 45 gold pieces
  9265 | D:10     | Bought a potion of berserk rage for 75 gold pieces
  9425 | D:10     | Found a staircase to the Lair.
  9917 | D:11     | Identified a scroll of acquirement
  9926 | D:11     | Noticed a purple ugly thing
  9931 | D:11     | Noticed a two-headed ogre
  9937 | D:11     | Banished a two-headed ogre
  9939 | D:11     | Killed a green ugly thing
  9939 | D:11     | Reached XP level 11. HP: 92/93 MP: 10/10
  9961 | D:11     | Found a frozen archway.
  9966 | D:11     | Reached **** piety under Okawaru
 10087 | IceCv    | Entered an ice cave
 10087 | IceCv    | Noticed a white ugly thing
 10101 | IceCv    | Killed a white ugly thing
 10122 | IceCv    | Found a transporter.
 10182 | IceCv    | Noticed a white ugly thing
 10183 | IceCv    | Found a transporter.
 10197 | IceCv    | Slain by a white ugly thing

Skill      XL: |  1  2  3  4  5  6  7  8  9 10 11 |
---------------+----------------------------------+-----
Armour         | 4 5 6 8 9 |  9.4
Shields        | 4 5 7 8 9 11 12 | 12.2
Fighting       | 4 5 6 7 |  7.9
Dodging        | 1 2 |  2.9
Long Blades    | 3 4 5 7 8 10 12 | 12.6
Stealth        | 1 |  1.3
Evocations     | |  0.1

Action                   |  1- 3 |  4- 6 |  7- 9 | 10-12 || total
-------------------------+-------+-------+-------+-------++-------
Melee: Long sword        |    76 |   126 |   448 |   294 ||   944
       Headbutt          |    10 |    19 |    77 |   101 ||   207
       Double sword      |       |       |       |    47 ||    47
Invok: Heroism           |       |       |       |     2 ||     2
Evoke: Wand              |       |       |     3 |       ||     3
  Use: Scroll            |       |       |       |    12 ||    12
       Potion            |       |       |       |     1 ||     1
  Eat: Chunk             |       |     4 |    16 |    11 ||    31
Armor: Scale mail        |    25 |       |       |       ||    25
       Chain mail        |    21 |    52 |    66 |       ||   139
       Plate armour      |       |       |    45 |   106 ||   151
Dodge: Dodged            |    21 |    29 |    69 |    54 ||   173
Block: Shield            |    46 |   103 |   362 |   328 ||   839
       Reflection        |       |     3 |     8 |    17 ||    28
       Rpst.: Long sword |     4 |     8 |    24 |    12 ||    48
       Double sword      |       |       |       |     5 ||     5
